 Dungeon Crawl Stone Soup version 0.24.0-125-gc4c63601f3 (console) character file.

Game seed: 16950955992049114342, levelgen mode: deterministic

501 utis the Shooter (level 7, -4/42 HPs)
             Began as a Tengu Arcane Marksman on Feb 22, 2020.
             Killed by nerve-wracking pain
             ... invoked by Menkaure
              (7 damage)
             ... on level 5 of the Dungeon.
             The game lasted 00:15:45 (6720 turns).

utis the Shooter (Tengu Arcane Marksman)            Turns: 6720, Time: 00:15:45

Health: -4/42      AC:  7    Str: 10    XL:     7   Next: 17%
Magic:  9/9        EV: 17    Int: 16    God:
Gold:   170        SH:  0    Dex: 14    Spells: 5/8 levels left

rFire    . . .     SeeInvis .   w - +1 shortbow
rCold    . . .     Gourm    .   (shield currently unavailable)
rNeg     . . .     Faith    .   e - +0 robe
rPois    .         Spirit   .   i - +2 hat
rElec    .         Reflect  .   b - scarf {cloud immunity}
rCorr    .         Harm     .   (no gloves)
MR       .....     Rnd*Tele +   (boots unavailable)
Stlth    ++........             (no amulet)
HPRegen  0.14/turn              T - ring of teleportation (curse)
MPRegen  0.11/turn              q - +3 ring of protection

@: flying quickly and evasively, quick
A: beak, talons 3, able to fly
a: Stop Flying


You were on level 5 of the Dungeon.
You were near starving.

You visited 1 branch of the dungeon, and saw 5 of its levels.

You collected 170 gold pieces.

Inventory:

Hand Weapons
 a - a +0 trident
 g - a +0 club
 h - a +0 dagger
 j - a +0 short sword
 t - a +0 morningstar
 u - a +0 spear
 w - a +1 shortbow (weapon)
Missiles
 d - 133 arrows (quivered)
 k - 111 stones
 m - 16 poisoned darts
 o - 43 sling bullets
 s - 20 javelins
Armour
 b - a scarf of cloud immunity (worn)
 c - a +0 leather armour
 e - a +0 robe (worn)
 i - a +2 hat (worn)
Jewellery
 q - a +3 ring of protection (right hand)
 x - a cursed ring of attention {unknown}
 y - the ring of Levity {rElec rF+ SInv}
   (You found it on level 5 of the Dungeon)

   [ring of protection from fire]

   It protects you from fire.
   It insulates you from electricity.
   It lets you see invisible.
 F - an uncursed ring of fire
 O - a +1 ring of protection
 P - an uncursed ring of poison resistance
 T - a cursed ring of teleportation (left hand)
 X - a +4 ring of dexterity
Wands
 v - a wand of polymorph (8)
Scrolls
 l - 2 scrolls of teleportation {@r4}
 n - a scroll of enchant weapon
Potions
 r - 2 potions of brilliance
Comestibles
 f - 5 rations {@e1}


   Skills:
 - Level 3.8 Fighting
 + Level 4.8 Bows
 + Level 4.8 Dodging
 - Level 1.6 Stealth
 - Level 1.0 Spellcasting
 - Level 2.5 Hexes


You had 5 spell levels left.
You knew the following spells:

 Your Spells              Type           Power        Failure   Level  Hunger
a - Corona                Hex            #......      9%          1    ##.....
w - Slow                  Hex            #.......     12%         2    ###....

Your spell library contained the following spells:

 Spells                   Type           Power        Failure   Level  Hunger
 Animate Skeleton         Necr           N/A          22%         1    ##.....
 Pain                     Necr           #...         22%         1    ##.....
 Inner Flame              Hex/Fire       #.......     38%         3    ####...
 Portal Projectile        Hex/Tloc       #.....       38%         3    ####...
 Regeneration             Chrm/Necr      #.........   56%         3    ####...
 Vampiric Draining        Necr           #.........   56%         3    ####...
 Cause Fear               Hex            #.........   63%         4    #####..
 Leda's Liquefaction      Hex/Erth       #.........   80%         4    #####..
 Animate Dead             Necr           N/A          92%         4    #####..


Dungeon Overview and Level Annotations

Branches:
Dungeon (5/15)             Temple (0/1) D:4

Altars:
Cheibriados
Dithmenos
Fedhas
Kikubaaqudgha
Uskayaw

Annotations:
D:5 Edmund, Eustachio, Menkaure


Innate Abilities, Weirdness & Mutations

You have a beak for a mouth.
You have claws for feet.
You can fly continuously.


Message History

Menkaure barely misses you.
Menkaure is no longer moving slowly.
Menkaure calls on the powers of darkness!
Eustachio convulses!
Your body is wracked with pain!
* * * LOW HITPOINT WARNING * * *
Eustachio casts a spell.
Menkaure calls on the powers of darkness!
Your body is wracked with pain!
* * * LOW HITPOINT WARNING * * *
Eustachio convulses!
Eustachio mumbles some strange words.
Your magical contamination has completely faded away.
Menkaure gestures at you while chanting.
Pain shoots through your body!
* * * LOW HITPOINT WARNING * * *
Menkaure points at you and mumbles some strange words.
You struggle to resist.
Menkaure points at you and mumbles some strange words.
Pain shoots through your body!
You die...

░M░ ░.░.░.░ ░
░.░
░.....░░░░░░░
░.░░░░░░░░░░
░............
░.r.5M...M.░
░)....░░░░░░░
░░░░░░░░░░.░
░░░.░░░ ░.░
░.░ ░.░
░!░░░░░ ░.░
░.....░ ░Q░
░░░░..░ ░.░
░░..░░░░░
░░░░░░░.░
░........
░.......░
░.░░░..8..
░.░░░░░░░ ░.░
░..... ░.░
░.░ ░.....
░.░ ░. ░░'''░
░.░ ░ ░....[
░.░░ ░.....


You could see Menkaure.

Vanquished Creatures
  2 centaurs (D:5)
  A bullfrog zombie (D:5)
  A centaur skeleton (D:5)
  Ijyb (D:5)
  An iguana (D:5)
  3 worker ants
  4 adders
  3 oozes
  2 worms
  3 dart slugs
  A leopard gecko (D:1)
  10 orcs (D:3)
  3 bats
  5 giant cockroaches
  5 goblins
  11 hobgoblins
  4 jackals (D:4)
  3 quokkas
  A ball python (D:2)
  13 frilled lizards
  12 kobolds
  13 rats
102 creatures vanquished.

Notes
Turn   | Place    | Note
-------+----------+-------------------------------------------
     0 | D:1      | utis the Tengu Arcane Marksman began the quest for the Orb.
     0 | D:1      | Reached XP level 1. HP: 12/12 MP: 3/3
   217 | D:1      | Reached XP level 2. HP: 15/16 MP: 4/4
   734 | D:1      | Reached XP level 3. HP: 17/21 MP: 1/5
  1439 | D:2      | Learned a level 2 spell: Slow
  1725 | D:2      | Found a hide-covered altar of Uskayaw.
  2231 | D:2      | Reached XP level 4. HP: 26/26 MP: 4/6
  3367 | D:3      | Gained mutation: You can fly continuously. [Tengu growth]
  3367 | D:3      | Reached XP level 5. HP: 31/31 MP: 7/7
  3455 | D:3      | Found a blossoming altar of Fedhas.
  4185 | D:4      | Found a staircase to the Ecumenical Temple.
  4362 | D:4      | Found an ancient bone altar of Kikubaaqudgha.
  5156 | D:5      | Entered Level 5 of the Dungeon
  5301 | D:5      | Got a sparkling silver ring
  5303 | D:5      | Identified the ring of Levity {rElec rF+ SInv} (You found
                  | it on level 5 of the Dungeon)
  5342 | D:5      | Found a snail-covered altar of Cheibriados.
  5401 | D:5      | Noticed Ijyb
  5406 | D:5      | Paralysed by Ijyb for 4 turns
  5421 | D:5      | Paralysed by Ijyb for 2 turns
  5439 | D:5      | Paralysed by Ijyb for 7 turns
  5450 | D:5      | Killed Ijyb
  5450 | D:5      | Reached XP level 6. HP: 29/37 MP: 5/8
  6063 | D:5      | Reached skill level 1 in Stealth
  6063 | D:5      | Reached XP level 7. HP: 6/42 MP: 7/9
  6326 | D:5      | Found a shadowy altar of Dithmenos.
  6391 | D:5      | Noticed Edmund
  6675 | D:5      | Noticed Menkaure
  6694 | D:5      | Noticed Eustachio
  6712 | D:5      | HP: 2/42 [Menkaure/nerve-wracking pain (5)]
  6720 | D:5      | Killed from afar by Menkaure

Levels and vault maps discovered:
D:1:      lemuel_arrival_lava_pool, layout_basic, st_stairs_14,
          kennysheep_nondescript, minmay_lizard_pond
D:2:      layout_loops_corners, eat_drink_and_be_merry_uskayaw, first_ration,
          minmay_octomino_j4
D:3:      layout_basic, fedhas_altar_2, minmay_strange_pillars,
          grunt_ministairs_15
D:4:      layout_basic, kennysheep_little_box,
          minmay_temple_entry_statues_pillars
D:5:      layout_loops_ring, old_standard_altar, slow_altar_2, uniq_edmund,
          uniq_eustachio, uniq_menkaure, uniq_ijyb

Skill      XL: |  1  2  3  4  5  6 |
---------------+-------------------+-----
Bows           | 3 4 |  4.8
Fighting       | 2 3 |  3.8
Dodging        | 3 4 |  4.8
Stealth        | 1 |  1.6
Spellcasting   | |  1.0
Hexes          | |  2.5

Action                   |  1- 3 |  4- 6 |  7- 9 || total
-------------------------+-------+-------+-------++-------
Melee: Club              |    18 |       |       ||    18
       Kick              |    24 |    27 |       ||    51
       Peck              |    13 |    15 |       ||    28
       Dagger            |    32 |       |       ||    32
       Spear             |    42 |    67 |       ||   109
       Short sword       |    29 |       |       ||    29
       Trident           |       |    62 |       ||    62
 Fire: Shortbow          |       |   101 |    22 ||   123
Throw: Stone             |     3 |     8 |       ||    11
 Cast: Corona            |    18 |     3 |       ||    21
       Slow              |       |    13 |     7 ||    20
 Abil: Fly               |       |     1 |       ||     1
  Use: Scroll            |     4 |     3 |       ||     7
       Potion            |       |     3 |       ||     3
 Stab: Sleeping          |     4 |     3 |       ||     7
  Eat: Chunk             |     5 |    12 |     2 ||    19
Armor: Robe              |    14 |    26 |     1 ||    41
       Skin              |       |     5 |       ||     5
Dodge: Dodged            |    68 |   124 |     5 ||   197
